SAA
LANCASTER FARMERS @ CHESAPEAKE CONTINENTALS
09/15/2023
 
TOP OF THE 1ST
Lancaster Farmers batting - Pitching for Chesapeake Continentals : RHP Juan Pérez
Pitching: RHP Juan Pérez
Batting: RHB Ricardo Pacheco 0-0: Ball
1-0: Ball
2-0: Foul Ball, location: 2F
2-1: Foul Ball, location: 2F
2-2: Strikes out swinging
Batting: RHB Domenic Gallard 0-0: Ball
1-0: Swinging Strike
1-1: Ball
2-1: Foul Ball, location: 2F
2-2: Strikes out swinging
Batting: LHB Rob Wilson 0-0: Fly out, F1 (Line Drive, 13)
Top of the 1st over - 0 run(s), 0 hit(s), 0 error(s), 0 left on base; Lancaster 0 - Chesapeake 0
BOTTOM OF THE 1ST
Chesapeake Continentals batting - Pitching for Lancaster Farmers : RHP Steve Brown
Pitching: RHP Steve Brown
Batting: RHB Héctor Hernández 0-0: Foul Ball, location: 2F
0-1: Swinging Strike
0-2: Strikes out looking
Batting: LHB Cole Thrash 0-0: Called Strike
0-1: Ball
1-1: Ball
2-1: Foul Ball, location: 2F
2-2: Ball
3-2: TRIPLE (Flyball, 78M)
Batting: RHB Mike Peterson 0-0: Called Strike
0-1: Ball
1-1: Ground out 4-3 (Groundball, 4)
Cole Thrash scores
Batting: LHB Arturo Ballina 0-0: Called Strike
0-1: Ball
1-1: Swinging Strike
1-2: Ball
2-2: Strikes out swinging
Bottom of the 1st over - 1 run(s), 1 hit(s), 0 error(s), 0 left on base; Lancaster 0 - Chesapeake 1
TOP OF THE 2ND
Lancaster Farmers batting - Pitching for Chesapeake Continentals : RHP Juan Pérez
Batting: RHB Barkley B. Cooltimes 0-0: Called Strike
0-1: Foul Ball, location: 2F
0-2: Ball
1-2: Fly out, F1 (Line Drive, 13)
Batting: LHB Ramón Gómez 0-0: Called Strike
0-1: Ball
1-1: Foul Ball, location: 2F
1-2: Ball
2-2: Ball
3-2: Foul Ball, location: 2F
3-2: Foul Ball, location: 2F
3-2: Foul Ball, location: 2F
3-2: Ground out 6-3 (Groundball, 6M)
Batting: RHB Luis Rodríguez 0-0: Fly out, F7 (Flyball, 78M)
Top of the 2nd over - 0 run(s), 0 hit(s), 0 error(s), 0 left on base; Lancaster 0 - Chesapeake 1
BOTTOM OF THE 2ND
Chesapeake Continentals batting - Pitching for Lancaster Farmers : RHP Steve Brown
Batting: RHB Ju-chan Pak 0-0: Ball
1-0: Ball
2-0: Called Strike
2-1: Ball
3-1: Base on Balls
Batting: LHB Roberto Sánchez 0-0: DOUBLE (Line Drive, 78XD)
Ju-chan Pak to third
Batting: SHB Thomas Sherman 0-0: Ball
1-0: Called Strike
1-1: Foul Ball, location: 2F
1-2: Ball
2-2: Foul Ball, location: 2F
2-2: Ball
3-2: Foul Ball, location: 2F
3-2: Strikes out swinging
Batting: RHB Miguel Cruz 0-0: Ground out 5-3 (Groundball, 15S)
Ju-chan Pak scores
Roberto Sánchez to third
Batting: LHB Kichisaburo Otani 0-0: Called Strike
0-1: SINGLE (Groundball, 34D)
Roberto Sánchez scores
Batting: RHB Héctor Hernández 0-0: Called Strike
0-1: Ball
1-1: Ball
2-1: Ground out 1-3 (Groundball, 15S)
Bottom of the 2nd over - 2 run(s), 2 hit(s), 0 error(s), 1 left on base; Lancaster 0 - Chesapeake 3
TOP OF THE 3RD
Lancaster Farmers batting - Pitching for Chesapeake Continentals : RHP Juan Pérez
Batting: RHB Rodrigo Velasco 0-0: Foul Ball, location: 2F
0-1: Ball
1-1: Ball
2-1: Swinging Strike
2-2: Ball
3-2: Foul Ball, location: 2F
3-2: Base on Balls
Batting: RHB António Jiménez 0-0: Ball
1-0: Grounds into double play, 4-6-3 (Groundball, 4)
Batting: LHB Brad Tillman 0-0: Ground out 3-1 (Groundball, 3)
Top of the 3rd over - 0 run(s), 0 hit(s), 0 error(s), 0 left on base; Lancaster 0 - Chesapeake 3
BOTTOM OF THE 3RD
Chesapeake Continentals batting - Pitching for Lancaster Farmers : RHP Steve Brown
Batting: LHB Cole Thrash 0-0: Called Strike
0-1: Ball
1-1: Called Strike
1-2: Ball
2-2: Strikes out swinging
Batting: RHB Mike Peterson 0-0: Foul Ball, location: 2F
0-1: DOUBLE (Line Drive, 5L)
Batting: LHB Arturo Ballina 0-0: Ball
1-0: Ball
2-0: Ground out 4-3 (Groundball, 4)
Mike Peterson to third
Batting: RHB Ju-chan Pak 0-0: Called Strike
0-1: Foul Ball, location: 2F
0-2: Fly out, F5 (Line Drive, 56)
Bottom of the 3rd over - 0 run(s), 1 hit(s), 0 error(s), 1 left on base; Lancaster 0 - Chesapeake 3
TOP OF THE 4TH
Lancaster Farmers batting - Pitching for Chesapeake Continentals : RHP Juan Pérez
Batting: RHB Ricardo Pacheco 0-0: Ball
1-0: SINGLE (Line Drive, 34D)
Batting: RHB Domenic Gallard 0-0: Ball
Ricardo Pacheco is caught stealing 2nd base
1-0: Swinging Strike
1-1: Swinging Strike
1-2: Strikes out swinging
Batting: LHB Rob Wilson 0-0: Ball
1-0: Fly out, F7 (Line Drive, 78M)
Top of the 4th over - 0 run(s), 1 hit(s), 0 error(s), 0 left on base; Lancaster 0 - Chesapeake 3
BOTTOM OF THE 4TH
Chesapeake Continentals batting - Pitching for Lancaster Farmers : RHP Steve Brown
Batting: LHB Roberto Sánchez 0-0: Ball
1-0: Ball
2-0: Foul Ball, location: 2F
2-1: Ball
3-1: Foul Ball, location: 2F
3-2: Base on Balls
Batting: SHB Thomas Sherman 0-0: Called Strike
0-1: SINGLE (Line Drive, 4MD)
Roberto Sánchez to second
Batting: RHB Miguel Cruz 0-0: Ball
1-0: Called Strike
1-1: Ball
2-1: SINGLE (Line Drive, 56D)
Roberto Sánchez to third
Thomas Sherman to second
Batting: LHB Kichisaburo Otani 0-0: Ball
1-0: Ball
2-0: Foul Ball, location: 2F
2-1: Ball
3-1: Base on Balls
Roberto Sánchez scores
Thomas Sherman to third
Miguel Cruz to second
Batting: RHB Héctor Hernández 0-0: Ball
1-0: Fielders Choice at 2nd, 6-4 (Groundball, 6)
Thomas Sherman scores
Miguel Cruz to third
Batting: LHB Cole Thrash 0-0: Ball
1-0: Ball
Throwing error on steal attempt, E2
Miguel Cruz scores
Héctor Hernández to third
2-0: Called Strike
2-1: Foul Ball, location: 2F
2-2: Ball
3-2: Ground out 4-3 (Groundball, 4)
Héctor Hernández scores
Batting: RHB Mike Peterson 0-0: Ball
1-0: Foul Ball, location: 2F
1-1: Ball
2-1: Ground out U3 (Groundball, 3L)
Bottom of the 4th over - 4 run(s), 2 hit(s), 1 error(s), 0 left on base; Lancaster 0 - Chesapeake 7
TOP OF THE 5TH
Lancaster Farmers batting - Pitching for Chesapeake Continentals : RHP Juan Pérez
Batting: RHB Barkley B. Cooltimes 0-0: Ball
1-0: Fly out, F7 (Line Drive, 7M)
Batting: LHB Ramón Gómez 0-0: Fly out, F7 (Flyball, 7LMF)
Batting: RHB Luis Rodríguez 0-0: Swinging Strike
0-1: Ball
1-1: Swinging Strike
1-2: Ball
2-2: Strikes out looking
Top of the 5th over - 0 run(s), 0 hit(s), 0 error(s), 0 left on base; Lancaster 0 - Chesapeake 7
BOTTOM OF THE 5TH
Chesapeake Continentals batting - Pitching for Lancaster Farmers : RHP Steve Brown
Pitching: LHP Orlando Sánchez
Batting: LHB Arturo Ballina 0-0: Ball
1-0: Called Strike
1-1: Foul Ball, location: 2F
1-2: Ball
2-2: Strikes out swinging
Batting: RHB Ju-chan Pak 0-0: Ball
1-0: Ball
2-0: Ball
3-0: Foul Ball, location: 2F
3-1: SOLO HOME RUN (Flyball, 78XD), Distance : 421 ft
Batting: LHB Roberto Sánchez 0-0: Called Strike
0-1: Ball
1-1: Ball
2-1: Ground out 1-6-3 (Groundball, 15S)
Batting: SHB Thomas Sherman 0-0: Foul Ball, location: 2F
0-1: Foul Ball, location: 2F
0-2: Ball
1-2: Fly out, F5 (Popup, 2L)
Bottom of the 5th over - 1 run(s), 1 hit(s), 0 error(s), 0 left on base; Lancaster 0 - Chesapeake 8
TOP OF THE 6TH
Lancaster Farmers batting - Pitching for Chesapeake Continentals : RHP Juan Pérez
Batting: RHB Rodrigo Velasco 0-0: Ball
1-0: Ball
2-0: Ball
3-0: Called Strike
3-1: Base on Balls
Batting: RHB António Jiménez 0-0: Fly out, F9 (Flyball, 9LMF)
Batting: LHB Brad Tillman 0-0: Ball
1-0: Ball
2-0: Ball
3-0: Called Strike
3-1: Grounds into double play, 4-6-3 (Groundball, 4)
Top of the 6th over - 0 run(s), 0 hit(s), 0 error(s), 0 left on base; Lancaster 0 - Chesapeake 8
BOTTOM OF THE 6TH
Chesapeake Continentals batting - Pitching for Lancaster Farmers : LHP Orlando Sánchez
Batting: RHB Miguel Cruz 0-0: Ground out 5-3 (Groundball, 5)
Batting: LHB Kichisaburo Otani 0-0: Fly out, F9 (Flyball, 9M)
Batting: RHB Héctor Hernández 0-0: Called Strike
0-1: Ground out 5-3 (Groundball, 5S)
Bottom of the 6th over - 0 run(s), 0 hit(s), 0 error(s), 0 left on base; Lancaster 0 - Chesapeake 8
TOP OF THE 7TH
Lancaster Farmers batting - Pitching for Chesapeake Continentals : RHP Juan Pérez
Batting: RHB Ricardo Pacheco 0-0: Foul Ball, location: 2F
0-1: Ball
1-1: Foul Ball, location: 2F
1-2: Ball
2-2: Strikes out swinging
Batting: RHB Domenic Gallard 0-0: Ball
1-0: SINGLE (Groundball, 6MD)
Batting: LHB Rob Wilson 0-0: Called Strike
0-1: Ball
1-1: Foul Ball, location: 2F
1-2: Ball
2-2: Foul Ball, location: 2F
2-2: Ball
3-2: Ground out U3 (Groundball, 3S)
Domenic Gallard to second
Batting: RHB Barkley B. Cooltimes 0-0: Called Strike
0-1: Swinging Strike
0-2: Foul Ball, location: 2F
0-2: Strikes out looking
Top of the 7th over - 0 run(s), 1 hit(s), 0 error(s), 1 left on base; Lancaster 0 - Chesapeake 8
BOTTOM OF THE 7TH
Chesapeake Continentals batting - Pitching for Lancaster Farmers : LHP Orlando Sánchez
Batting: LHB Cole Thrash 0-0: Called Strike
0-1: Ball
1-1: Ball
2-1: Ball
3-1: Fly out, F7 (Popup, 56D)
Batting: RHB Mike Peterson 0-0: Called Strike
0-1: Ball
1-1: Ball
2-1: Ball
3-1: Foul Ball, location: 2F
3-2: Fly out, F7 (Flyball, 7M)
Batting: LHB Arturo Ballina 0-0: Ground out 4-3 (Groundball, 34)
Bottom of the 7th over - 0 run(s), 0 hit(s), 0 error(s), 0 left on base; Lancaster 0 - Chesapeake 8
TOP OF THE 8TH
Lancaster Farmers batting - Pitching for Chesapeake Continentals : RHP Juan Pérez
Now in RF: Walter Hurlson
Batting: LHB Ramón Gómez 0-0: Called Strike
0-1: Ball
1-1: Swinging Strike
1-2: Ball
2-2: SOLO HOME RUN (Flyball, 9LD), Distance : 337 ft
Batting: RHB Luis Rodríguez 0-0: Ground out 6-3 (Groundball, 6)
Batting: RHB Rodrigo Velasco 0-0: Swinging Strike
0-1: Ball
1-1: Called Strike
1-2: Ball
2-2: Ball
3-2: Ground out 4-3 (Groundball, 34)
Batting: RHB António Jiménez 0-0: Ball
1-0: Ball
2-0: Ball
3-0: Base on Balls
Batting: LHB Brad Tillman 0-0: Ball
1-0: Fly out, F7 (Flyball, 7M)
Top of the 8th over - 1 run(s), 1 hit(s), 0 error(s), 1 left on base; Lancaster 1 - Chesapeake 8
BOTTOM OF THE 8TH
Chesapeake Continentals batting - Pitching for Lancaster Farmers : LHP Orlando Sánchez
Batting: RHB Ju-chan Pak 0-0: Fly out, F7 (Flyball, 78S)
Batting: LHB Roberto Sánchez 0-0: Ball
1-0: Ball
2-0: Fly out, F7 (Flyball, 7LM)
Batting: SHB Thomas Sherman 0-0: Ground out 5-3 (Groundball, 5S)
Bottom of the 8th over - 0 run(s), 0 hit(s), 0 error(s), 0 left on base; Lancaster 1 - Chesapeake 8
TOP OF THE 9TH
Lancaster Farmers batting - Pitching for Chesapeake Continentals : RHP Juan Pérez
Batting: RHB Ricardo Pacheco 0-0: Ball
1-0: Ball
2-0: Ball
3-0: Base on Balls
Batting: RHB Domenic Gallard 0-0: Called Strike
0-1: Swinging Strike
0-2: Ball
1-2: Ball
2-2: Foul Ball, location: 2F
2-2: Strikes out swinging
Batting: LHB Rob Wilson 0-0: Called Strike
0-1: Ball
1-1: Foul Ball, location: 2F
1-2: SINGLE (Groundball, 34D)
Ricardo Pacheco to second
Runner from 2nd tries for 3rd, SAFE, no throw or cutoff
Batting: RHB Barkley B. Cooltimes 0-0: Foul Ball, location: 2F
0-1: Ball
1-1: Ball
2-1: Ball
3-1: Called Strike
3-2: Ground out 5-3 (Groundball, 56S)
Ricardo Pacheco scores
Rob Wilson to second
Batting: LHB Ramón Gómez 0-0: Ball
1-0: Swinging Strike
1-1: Swinging Strike
1-2: Foul Ball, location: 2F
1-2: Ball
2-2: Ball
3-2: Base on Balls
Pitching: RHP Ignacio Aguilar
Batting: RHB Luis Rodríguez 0-0: Swinging Strike
0-1: Ball
Wild Pitch!
Rob Wilson to third
Ramón Gómez to second
1-1: Fly out, F5 (Line Drive, 5)
Top of the 9th over - 1 run(s), 1 hit(s), 0 error(s), 2 left on base; Lancaster 2 - Chesapeake 8
This league is powered by Out of the Park Baseball, the baseball management simulation game for PC, Mac and Linux
Friday, July 8th, 2016 - OOTP Baseball 16.9 Build 39